Workbook
Name ____0103_Census: #REF!
Name ____0103_Census: #REF!
Name ____0103_Census: #REF!
Name ____0602_Salary_Transcore: #REF!
Name ____0602_Salary_Transcore: #REF!
Name ____0602_Salary_Transcore: #REF!
Name ____rsv2: #REF!
Name ____rsv2: #REF!
Name ___0103_Census: #REF!
Name ___0103_Census: #REF!
Name ___0602_Salary_Transcore: #REF!
Name ___0602_Salary_Transcore: #REF!
Name ___rsv2: #REF!
Name __0103_Census: #REF!
Name __0103_Census: #REF!
Name __0602_Salary_Transcore: #REF!
Name __0602_Salary_Transcore: #REF!
Name __0805_Counts___rates: #REF!
Name __0805_Counts___rates: #REF!
Name __1_.0pr: '[1]Emp Re'!$A$1:$Q$47,'[1]Emp Re'!#REF!
Name __1_.0pr: '[1]Emp Re'!$A$1:$Q$47,'[1]Emp Re'!#REF!
Name __1_.0pr: '[1]Emp Re'!$A$1:$Q$47,'[1]Emp Re'!#REF!
Name __3_0103_Census: #REF!
Name __3_0103_Census: #REF!
Name __3_0103_Census: #REF!
Name __4_0602_Salary_Transcore: #REF!
Name __4_0602_Salary_Transcore: #REF!
Name __4_0602_Salary_Transcore: #REF!
Name __a70000: #REF!
Name __a70000: #REF!
Name __a70000: #REF!
Name __CIQ1: #REF!
Name __CIQ1: #REF!
Name __CIQ2: #REF!
Name __CIQ2: #REF!
Name __rsv2: #REF!
Name _0103_Census: #REF!
Name _0103_Census: #REF!
Name _0103_Census: #REF!
Name _0602_Salary_Transcore: #REF!
Name _0602_Salary_Transcore: #REF!
Name _0602_Salary_Transcore: #REF!
Name _0805_Counts___rates: #REF!
Name _0805_Counts___rates: #REF!
Name _1_.0pr: '[1]Emp Re'!$A$1:$Q$47,'[1]Emp Re'!#REF!
Name _1_.0pr: '[1]Emp Re'!$A$1:$Q$47,'[1]Emp Re'!#REF!
Name _1_.0pr: '[1]Emp Re'!$A$1:$Q$47,'[1]Emp Re'!#REF!
Name _10_0602_Salary_Transcore: #REF!
Name _10_0602_Salary_Transcore: #REF!
Name _10_0602_Salary_Transcore: #REF!
Name _104_Health_Census: #REF!
Name _104_Health_Census: #REF!
Name _104_Health_Census: #REF!
Name _107_0602_Salary_Transcore: #REF!
Name _107_0602_Salary_Transcore: #REF!
Name _107_0602_Salary_Transcore: #REF!
Name _2_._pr: '[1]Emp Re'!$A$1:$Q$47,'[1]Emp Re'!#REF!
Name _2_._pr: '[1]Emp Re'!$A$1:$Q$47,'[1]Emp Re'!#REF!
Name _2_._pr: '[1]Emp Re'!$A$1:$Q$47,'[1]Emp Re'!#REF!
Name _2_0103_Census: #REF!

Sheet INPUT
B1: Key: | C1: Internal Inputs (Bolton) | D1: Bidder Inputs | E1: Date Due | F1: 46753 | K1: Internal Instructions
K2: -Hide this worksheet before releasing to Market
B3: Group Name: | C3: Albemarle County | D3: Group Abbreviation: | E3: <Abbreviation> | F3: Additional Group Name: | G3: <Other Group Name>
B5: Sub-Groups: | C5: <Sub-group 1> | D5: <Sub-group 2> | E5: <Sub-group 3> | F5: <Sub-group 4> | G5: <Sub-group 5> | S5: TF | T5: Technical Proposal Form
S6: FF | T6: Financial Proposal Form
C7: Effective Date (MM/DD/YYY) | D7: Current YTD | E7: Prior Year 1 | F7: Prior Year 2 | S7: PF | T7: Price Proposal Form
B8: Plan Years: | C8: 46753 | D8: 46023 | E8: 45658 | F8: 45292
D10: Final For Reference
B11: RFP# | C11: <######> | D11: =B11&C11 -> RFP#<######>
B13: Proposal Form Type: | C13: Technical Proposal | D13: Price Proposal | K13: Internal Checklist:
F14: Rate Guarantee: | K14: Is everything printer friendly
B15: Benefit Coverage / Services: | F15: Years | K15: Group Name Changed
B16: Benefit Name 1 | F16: 3 | G16: Three | K16: Worksheet Forms coordinate with name of Worksheet Tab Name
B17: Benefit Name 2 | F17: 3 | G17: Three | K17: Worksheet Form coordinates with table of contents and specific questions referencing Worksheet Form
B18: Benefit Name 3 | F18: 3 | G18: Three | K18: Sheets are protected
B19: Benefit Name 4 | F19: 3 | G19: Three
B20: Benefit Name 5 | F20: 3 | G20: Three | K20: Roboto Font
B21: Benefit Name 6 | C21: Stop-Loss
B23: Final For Reference | C23: Stop-Loss | E23: Final For Reference | F23: =G16&" ("&F16&")"&" Years" -> Three (3) Years
B35: Applicable Coverages | C35: Proposal Form | D35: # | E35: Name | F35: Final For Reference (Worksheet Name) | G35: Worksheet Tab
B36: ~ | C36: ~ | D36: ~ | E36: ~ | F36: ~ | G36: ~
B37: ALL | C37: Technical | D37: 1 | E37: Questionnaire | F37: =C37&" Proposal Form "&D37&" - "&E37 -> Technical Proposal Form 1 - Questionnaire | G37: =LEFT(C37,1)&"F "&D37 -> TF 1
B38: Stoploss | C38: Technical | D38: 2 | E38: Stoploss Questionnaire | F38: =C38&" Proposal Form "&D38&" - "&E38 -> Technical Proposal Form 2 - Stoploss Questionnaire | G38: =LEFT(C38,1)&"F "&D38 -> TF 2
B39: ALL | C39: Technical | D39: 3 | E39: References | F39: =C39&" Proposal Form "&D39&" - "&E39 -> Technical Proposal Form 3 - References | G39: =LEFT(C39,1)&"F "&D39 -> TF 3
B40: ALL | C40: Price | D40: 1 | E40: Stoploss | F40: =C40&" Proposal Form "&D40&" - "&E40 -> Price Proposal Form 1 - Stoploss | G40: =LEFT(C40,1)&"F "&D40 -> PF 1
B41: ALL | C41: <Select One> | F41: =C41&" Proposal Form "&D41&" - "&E41 -> <Select One> Proposal Form - | G41: =LEFT(C41,1)&"F "&D41 -> <F
B42: ALL | C42: <Select One> | F42: =C42&" Proposal Form "&D42&" - "&E42 -> <Select One> Proposal Form - | G42: =LEFT(C42,1)&"F "&D42 -> <F
F43: =C43&" Proposal Form "&D43&" - "&E43 -> Proposal Form - | G43: =LEFT(C43,1)&"F "&D43 -> F
B44: MED | C44: <Select One> | F44: =C44&" Proposal Form "&D44&" - "&E44 -> <Select One> Proposal Form - | G44: =LEFT(C44,1)&"F "&D44 -> <F
B45: MED | C45: <Select One> | F45: =C45&" Proposal Form "&D45&" - "&E45 -> <Select One> Proposal Form - | G45: =LEFT(C45,1)&"F "&D45 -> <F
B46: MED | C46: <Select One> | F46: =C46&" Proposal Form "&D46&" - "&E46 -> <Select One> Proposal Form - | G46: =LEFT(C46,1)&"F "&D46 -> <F
B47: MED | C47: <Select One> | F47: =C47&" Proposal Form "&D47&" - "&E47 -> <Select One> Proposal Form - | G47: =LEFT(C47,1)&"F "&D47 -> <F
B48: MED | C48: <Select One> | F48: =C48&" Proposal Form "&D48&" - "&E48 -> <Select One> Proposal Form - | G48: =LEFT(C48,1)&"F "&D48 -> <F
B49: MED | C49: <Select One> | F49: =C49&" Proposal Form "&D49&" - "&E49 -> <Select One> Proposal Form - | G49: =LEFT(C49,1)&"F "&D49 -> <F
C50: <Select One> | F50: =C50&" Proposal Form "&D50&" - "&E50 -> <Select One> Proposal Form - | G50: =LEFT(C50,1)&"F "&D50 -> <F
C51: <Select One> | F51: =C51&" Proposal Form "&D51&" - "&E51 -> <Select One> Proposal Form - | G51: =LEFT(C51,1)&"F "&D51 -> <F
C52: <Select One> | F52: =C52&" Proposal Form "&D52&" - "&E52 -> <Select One> Proposal Form - | G52: =LEFT(C52,1)&"F "&D52 -> <F
C53: <Select One> | F53: =C53&" Proposal Form "&D53&" - "&E53 -> <Select One> Proposal Form - | G53: =LEFT(C53,1)&"F "&D53 -> <F
B54: Stop Loss | C54: <Select One> | F54: =C54&" Proposal Form "&D54&" " -> <Select One> Proposal Form | G54: =LEFT(C54,1)&"F "&D54 -> <F
B55: MED | C55: <Select One> | F55: =C55&" Proposal Form "&D55&" - "&E55 -> <Select One> Proposal Form - | G55: =LEFT(C55,1)&"F "&D55 -> <F
B56: MED | C56: <Select One> | F56: =C56&" Proposal Form "&D56&" - "&E56 -> <Select One> Proposal Form - | G56: =LEFT(C56,1)&"F "&D56 -> <F
B57: MED | C57: <Select One> | F57: =C57&" Proposal Form "&D57&" - "&E57 -> <Select One> Proposal Form - | G57: =LEFT(C57,1)&"F "&D57 -> <F
B58: MED | C58: <Select One> | F58: =C58&" Proposal Form "&D58&" - "&E58 -> <Select One> Proposal Form - | G58: =LEFT(C58,1)&"F "&D58 -> <F
B59: MED | C59: <Select One> | F59: =C59&" Proposal Form "&D59&" - "&E59 -> <Select One> Proposal Form - | G59: =LEFT(C59,1)&"F "&D59 -> <F
B60: MED | C60: <Select One> | F60: =C60&" Proposal Form "&D60&" - "&E60 -> <Select One> Proposal Form - | G60: =LEFT(C60,1)&"F "&D60 -> <F
B61: MED | C61: <Select One> | F61: =C61&" Proposal Form "&D61&" - "&E61 -> <Select One> Proposal Form - | G61: =LEFT(C61,1)&"F "&D61 -> <F
B62: MED | C62: <Select One> | F62: =C62&" Proposal Form "&D62&" - "&E62 -> <Select One> Proposal Form - | G62: =LEFT(C62,1)&"F "&D62 -> <F
C63: <Select One> | F63: =C63&" Proposal Form "&D63&" - "&E63 -> <Select One> Proposal Form - | G63: =LEFT(C63,1)&"F "&D63 -> <F
C64: <Select One> | F64: =C64&" Proposal Form "&D64&" - "&E64 -> <Select One> Proposal Form - | G64: =LEFT(C64,1)&"F "&D64 -> <F
C65: <Select One> | F65: =C65&" Proposal Form "&D65&" - "&E65 -> <Select One> Proposal Form - | G65: =LEFT(C65,1)&"F "&D65 -> <F
C66: <Select One> | F66: =C66&" Proposal Form "&D66&" - "&E66 -> <Select One> Proposal Form - | G66: =LEFT(C66,1)&"F "&D66 -> <F
C67: <Select One> | F67: =C67&" Proposal Form "&D67&" - "&E67 -> <Select One> Proposal Form - | G67: =LEFT(C67,1)&"F "&D67 -> <F
C68: <Select One> | F68: =C68&" Proposal Form "&D68&" - "&E68 -> <Select One> Proposal Form - | G68: =LEFT(C68,1)&"F "&D68 -> <F
C69: <Select One> | F69: =C69&" Proposal Form "&D69&" - "&E69 -> <Select One> Proposal Form - | G69: =LEFT(C69,1)&"F "&D69 -> <F
C70: <Select One> | F70: =C70&" Proposal Form "&D70&" - "&E70 -> <Select One> Proposal Form - | G70: =LEFT(C70,1)&"F "&D70 -> <F
C71: <Select One> | F71: =C71&" Proposal Form "&D71&" - "&E71 -> <Select One> Proposal Form - | G71: =LEFT(C71,1)&"F "&D71 -> <F
C72: <Select One> | F72: =C72&" Proposal Form "&D72&" - "&E72 -> <Select One> Proposal Form - | G72: =LEFT(C72,1)&"F "&D72 -> <F
C73: <Select One> | F73: =C73&" Proposal Form "&D73&" - "&E73 -> <Select One> Proposal Form - | G73: =LEFT(C73,1)&"F "&D73 -> <F
C74: <Select One> | F74: =C74&" Proposal Form "&D74&" - "&E74 -> <Select One> Proposal Form - | G74: =LEFT(C74,1)&"F "&D74 -> <F
... C85: <Select One> | F85: =C85&" Proposal Form "&D85&" - "&E85 -> <Select One> Proposal Form - | G85: =LEFT(C85,1)&"F "&D85 -> <F
F86: =C86&" Proposal Form "&D86&" - "&E86 -> Proposal Form - | G86: =LEFT(C86,1)&"F "&D86 -> F
F87: =C87&" Proposal Form "&D87&" - "&E87 -> Proposal Form - | G87: =LEFT(C87,1)&"F "&D87 -> F
F88: =C88&" Proposal Form "&D88&" - "&E88 -> Proposal Form - | G88: =LEFT(C88,1)&"F "&D88 -> F
F89: =C89&" Proposal Form "&D89&" - "&E89 -> Proposal Form - | G89: =LEFT(C89,1)&"F "&D89 -> F
F90: =C90&" Proposal Form "&D90&" - "&E90 -> Proposal Form - | G90: =LEFT(C90,1)&"F "&D90 -> F
F91: =C91&" Proposal Form "&D91&" - "&E91 -> Proposal Form - | G91: =LEFT(C91,1)&"F "&D91 -> F
F92: =C92&" Proposal Form "&D92&" - "&E92 -> Proposal Form - | G92: =LEFT(C92,1)&"F "&D92 -> F
F93: =C93&" Proposal Form "&D93&" - "&E93 -> Proposal Form - | G93: =LEFT(C93,1)&"F "&D93 -> F
D103: Plan 1 | F103: Plan 2 | H103: Plan 3 | J103: Plan 4
C104: Current Plan Names | D104: Plan A | F104: Plan B | H104: Plan C | J104: Plan D
C105: Funding Arrangement | D105: <Select or Enter> | F105: <Select or Enter> | H105: <Select or Enter> | J105: <Select or Enter>
Q107: For Dropdown
B108: Totals | C108: Enrollment | D108: =C108 -> Enrollment | F108: =D108 -> Enrollment | H108: =F108 -> Enrollment | J108: =H108 -> Enrollment | Q108: Coverage Tiers
C109: Members | D109: <Enter #> | E109: =C109 -> Members | F109: <Enter #> | G109: =E109 -> Members | H109: <Enter #> | I109: =G109 -> Members | J109: <Enter #> | Q109: Subscriber Only
B111: =SUM(C111:K111) -> 0 | C111: Composite (PEPM) | D111: =SUM(D109:D109) -> 0 | E111: =C111 -> Composite (PEPM) | F111: =SUM(F109:F110) -> 0 | G111: =E111 -> Composite (PEPM) | H111: =SUM(H109:H110) -> 0 | I111: =G111 -> Composite (PEPM) | J111: =SUM(J109:J110) -> 0
C113: CURRENT Rates | D113: =C113 -> CURRENT Rates | F113: =D113 -> CURRENT Rates | H113: =F113 -> CURRENT Rates | J113: =H113 -> CURRENT Rates
C114: =C109 -> Members | E114: =E109 -> Members | G114: =G109 -> Members | I114: =I109 -> Members
B116: =SUM(C116:K116) -> #VALUE! | C116: Composite Rate Annual | D116: =SUMPRODUCT(D111,D114)*12 -> #VALUE! | E116: =C116 -> Composite Rate Annual | F116: =SUMPRODUCT(F111,F114)*12 -> #VALUE! | G116: =E116 -> Composite Rate Annual | H116: =SUMPRODUCT(H111,H114)*12 -> #VALUE! | I116: =G116 -> Composite Rate Annual | J116: =SUMPRODUCT(J111,J114)*12 -> #VALUE!
B158: This section and below currently not used | D158: Plan 1 | F158: Plan 2 | H158: Plan 3 | J158: Plan 4
C159: Current Plan Names
C160: Funding Arrangement | D160: Self-Insured | F160: Fully-Insured | H160: Self-Insured | J160: Self-Insured
Q162: For Dropdown
B163: Totals | C163: Enrollment | D163: =C163 -> Enrollment | F163: =D163 -> Enrollment | H163: =F163 -> Enrollment | J163: =H163 -> Enrollment | Q163: Coverage Tiers
C164: Subscriber Only | D164: 1 | E164: Subscriber Only | F164: 6 | G164: Subscriber Only | H164: 11 | I164: Subscriber Only | J164: 16 | Q164: Subscriber Only
C165: Subscriber + Spouse | D165: 2 | E165: Subscriber + Spouse | F165: 7 | G165: Subscriber + Spouse | H165: 12 | I165: Subscriber + Spouse | J165: 17 | Q165: Subscriber + Spouse
C166: Subscriber + Child | D166: 3 | E166: Subscriber + Child(ren) | F166: 8 | G166: Subscriber + Child | H166: 13 | I166: Subscriber + Child | J166: 18 | Q166: Subscriber + Child
C167: Subscriber + Child(ren) | D167: 4 | E167: Family | F167: 9 | G167: Subscriber + Child(ren) | H167: 14 | I167: Subscriber + Child(ren) | J167: 19 | Q167: Subscriber + Child(ren)
C168: Family | D168: 5 | F168: 10 | G168: Family | H168: 15 | I168: Family | J168: 20 | Q168: Family
C169: Medicare | G169: Medicare | I169: Medicare | Q169: Medicare
B171: =SUM(C171:K171) -> 210 | D171: =SUM(D164:D170) -> 15 | F171: =SUM(F164:F170) -> 40 | H171: =SUM(H164:H170) -> 65 | J171: =SUM(J164:J170) -> 90
C173: CURRENT Rates | D173: =C173 -> CURRENT Rates | F173: =D173 -> CURRENT Rates | H173: =F173 -> CURRENT Rates | J173: =H173 -> CURRENT Rates
C174: =C164 -> Subscriber Only | D174: 21 | E174: =E164 -> Subscriber Only | F174: 26 | G174: =G164 -> Subscriber Only | H174: 31 | I174: =I164 -> Subscriber Only | J174: 36
C175: =C165 -> Subscriber + Spouse | D175: 22 | E175: =E165 -> Subscriber + Spouse | F175: 27 | G175: =G165 -> Subscriber + Spouse | H175: 32 | I175: =I165 -> Subscriber + Spouse | J175: 37
C176: =C166 -> Subscriber + Child | D176: 23 | E176: =E166 -> Subscriber + Child(ren) | F176: 28 | G176: =G166 -> Subscriber + Child | H176: 33 | I176: =I166 -> Subscriber + Child | J176: 38
C177: =C167 -> Subscriber + Child(ren) | D177: 24 | E177: =E167 -> Family | F177: 29 | G177: =G167 -> Subscriber + Child(ren) | H177: 34 | I177: =I167 -> Subscriber + Child(ren) | J177: 39
C178: =C168 -> Family | D178: 25 | E178: =E168 -> 0 | F178: 30 | G178: =G168 -> Family | H178: 35 | I178: =I168 -> Family | J178: 40
C179: =C169 -> Medicare | D179: 25 | E179: =E169 -> 0 | F179: 30 | G179: =G169 -> Medicare | H179: 35 | I179: =I169 -> Medicare | J179: 40

Sheet Instructions and Bid Forms
A1: =INPUT!$C$3 & " Stoploss RFP" -> Albemarle County Stoploss RFP
A4: INSTRUCTIONS:
A5: NOTICE: | B5: You must read these instructions in full and confirm you have read and understand them by entering your name and date in the appropriate fields at the bottom of this spreadsheet.
A6: Instructions: | B6: Complete the rates and rate guarantees on PF 1 - Price Form for the proposed Stoploss Deductibles
B7: ="The following Proposal Forms in this workbook will be used to gather vendor responses in regards to your capabilities to provide the required services of this RFP to "&CLIENT_NAME&_xlfn._LONGTEXT(". Your responses will be compared and scored against the other vendors responses. Please do not modify the Questionnaire tab. Modifying the tab or layout may eliminate your company from consideration. Please do not: - Add Cells - Delete Cells - Renumber"," questions or Add Questions - Delete Questions - If you cannot respond to a question please just note - 'No Response Available' or 'N/A'. Responses to questions should be brief and concise. 'Yes' or 'No' responses are encouraged when appropriate. The max","imum amount of characters for a response is 700. Responses greater than 700 characters will not be considered/scored. Responses/answers outside of the cell provided will not be considered or scored. Vendors may submit supplemental materials if necessary"," for informational purposes but proposals will be scored based on the information provided in your response to the technical questionnaire. The primary requirement is that you accurately answer the questions posed. Copy and pasting large preformatted re","sponses from marketing materials that, while answering the question, also provide extensive information not related to the particular question, will be negatively scored.") -> The following Proposal Forms in this workbook will be used to gather vendor responses in regards to your capabilities to provide the required services of this RFP to Albemarle County. Your responses will be compared and scored against the other vendors responses. Please do not modify the Questionnaire tab. Modifying the tab or layout may eliminate your company from consideration. Please do not: - Add Cells - Delete Cells - Renumber questions or Add Questions - Delete Questions - If you cannot respond to a question please just note - 'No Response Available' or 'N/A'. Responses to questions should be brief and concise. 'Yes' or 'No' responses are encouraged when appropriate. The maximum amount of characters for a response is 700. Responses greater than 700 characters will not be considered/scored. Responses/answers outside of the cell provided will not be considered or scored. Vendors may submit supplemental materials if necessary for informational purposes but proposals will be scored based on the information provided in your response to the technical questionnaire. The primary requirement is that you accurately answer the questions posed. Copy and pasting large preformatted responses from marketing materials that, while answering the question, also provide extensive information not related to the particular question, will be negatively scored.
A8: PROPOSAL FORMS
A9: Please complete the information requested on each form in this RFP document
A10: Form | B10: Description
A11: TF 1.0 | B11: Technical Proposal Form 1 - Questionnaire
A12: TF 2.0 | B12: Technical Proposal Form 2 - Stoploss Questionnaire
A13: TF 3.0 | B13: Technical Proposal Form 3 - References
A14: FF 1.0 | B14: Price Proposal Form 1 - Stoploss
A15: Disclaimer: | B15: By entering my name and date below I am confirming that I have read the above instructions in full regarding providing responses to the Bid Form in this workbook.
A16: Company Name:
A17: Signature:
A18: Printed Name:
A19: Title:
A20: Date:
A21: OTHER ATTACHMENTS
A22: Current Stoploss Contract
A23: Large claims | B23: See Attachments
A24: Census | B24: See Attachments
A25: Plan Summaries | B25: See Attachments
A26: Medical/ Rx Claims | B26: See Attachments
A27: Group Structure | B27: See Attachments

Sheet TF- 1.0 General Questionnaire
B1: ='Instructions and Bid Forms'!_Toc269902180 -> Albemarle County Stoploss RFP
B2: TECHNICAL PROPOSAL FORM TF-1
B3: Bidder Name | C3: ='Instructions and Bid Forms'!$B$16 -> 0
B6: ~ | C6: GENERAL QUESTIONNAIRE | D6: Response | E6: Length
B7: 1 | C7: Describe the ownership of your organization including any parent company and its location. | E7: =LEN(D7) -> 0
B8: =B7+1 -> 2 | C8: Identify any recent or anticipated changes in ownership, including but not limited to, acquisitions, mergers, acquisition of new venture capital, etc. Describe the potential impact if any of these events have occurred within the last year or are planned within the upcoming year. | E8: =LEN(D8) -> 0
B9: =B8+1 -> 3 | C9: List all past, current or pending legal and regulatory actions brought against your company (and the company’s parent firm, if applicable) by any financial institution, government agency, or private organization in the past five years. | E9: =LEN(D9) -> 0
B10: =+B9+1 -> 4 | C10: Has your company, or any of its officers or directors, been subject to any complaint, investigation, probe, or formal inquiry or, are sanctions current or pending from any federal or state regulatory body including, but not limited to, the Department of Insurance, Department of Health, and/or the Center for Medicare and Medicaid Services (CMS)? If yes, please explain.
B11: =+B10+1 -> 5 | C11: Confirm ability to accept contract terms as outlined in shared sample contract as part of RFP release
B12: =+B11+1 -> 6 | C12: ="Will any services performed to support " & INPUT!C3 & " plan be provided offshore? If yes, please describe and include" -> Will any services performed to support Albemarle County plan be provided offshore? If yes, please describe and include | E12: =LEN(D12) -> 0
B13: =+B12+1 -> 7 | C13: =INPUT!$C$3 & " reserves the right to select independent auditors at any time with 90-day advanced notice. Net overpayments discovered during any audit must be refunded to " & INPUT!$C$3 & " regardless of whether the administrator can recoup payments from the employees and providers. Confirm you will comply with this request." -> Albemarle County reserves the right to select independent auditors at any time with 90-day advanced notice. Net overpayments discovered during any audit must be refunded to Albemarle County regardless of whether the administrator can recoup payments from the employees and providers. Confirm you will comply with this request. | E13: =LEN(D13) -> 0
B14: =B13+1 -> 8 | C14: =INPUT!$C$3 & " reserves the right to conduct audits as specified below. Confirm you agreement with each of the following:" -> Albemarle County reserves the right to conduct audits as specified below. Confirm you agreement with each of the following:
B15: a | C15: Right to audit any data necessary to ensure the Vendor is complying with all contract terms and to ensure processing and/or payment accuracy | E15: =LEN(D15) -> 0
B16: b | C16: Right to audit post termination | E16: =LEN(D16) -> 0
B17: c | C17: Right to audit more than once per year if the audits are different in scope or for different services | E17: =LEN(D17) -> 0
B18: d | C18: Right to perform additional audits during the year of similar scope if requested as a follow-up to ensure significant/material errors found in an audit have been corrected and are not recurring or if additional information becomes available to warrant further investigation. | E18: =LEN(D18) -> 0
B19: e | C19: The Vendor shall provide reasonable cooperation with requests for information, which include but are not limited to the timing of the audit, deliverables, data/information requests and your response time to our questions during and after the process. The Vendor shall also provide a response to all “findings” that receives within 30 days, or at a later date if mutually determined to be more reasonable based on the number and type of findings. | E19: =LEN(D19) -> 0
B20: =+B14+1 -> 9 | C20: ="Is there a limit on the time period " & INPUT!$C$3 & " may request an audit (for example, stoploss reimbursements audits are limited to most recent prior two years from date of audit request)?" -> Is there a limit on the time period Albemarle County may request an audit (for example, stoploss reimbursements audits are limited to most recent prior two years from date of audit request)? | E20: =LEN(D20) -> 0
B21: =B20+1 -> 10 | C21: ="Regarding " & INPUT!$C$3 & " data, describe how your company will use this data. Will any of " & INPUT!$C$3 & " data be shared with outside entities? Will you receive fees from anyone for use of this?" -> Regarding Albemarle County data, describe how your company will use this data. Will any of Albemarle County data be shared with outside entities? Will you receive fees from anyone for use of this? | E21: =LEN(D21) -> 0
B22: ~ | C22: COMPLIANCE/SECURITY
B23: =B21+1 -> 11 | C23: ="Are you planning any major technological changes (electronic or administrative) that you anticipate will provide significant value to "& INPUT!$C$3 &"?" -> Are you planning any major technological changes (electronic or administrative) that you anticipate will provide significant value to Albemarle County? | E23: =LEN(D23) -> 0
B24: =B23+1 -> 12 | C24: ="Confirm that vendor will provide full support related to Affordable Care Act (ACA) requirements to ensure " & INPUT!$C$3 &" remains compliant and has the most up to date information available." -> Confirm that vendor will provide full support related to Affordable Care Act (ACA) requirements to ensure Albemarle County remains compliant and has the most up to date information available. | E24: =LEN(D24) -> 0
B25: =B24+1 -> 13 | C25: What procedures/systems do you have in place to protect the personal information of participants from security breaches? | E25: =LEN(D25) -> 0
B26: =B25+1 -> 14 | C26: Has your organization experienced a security breach of members’ personal information? If yes, please provide: | E26: =LEN(D26) -> 0
B27: a | C27: When breach occurred. | E27: =LEN(D27) -> 0
B28: b | C28: Number of members impacted | E28: =LEN(D28) -> 0
B29: c | C29: Steps taken to correct breach | E29: =LEN(D29) -> 0
B30: d | C30: Is the data your plan receives, transmits and stores encrypted in transit and at rest? | E30: =LEN(D30) -> 0
B31: ~ | C31: ACCOUNT SERVICE AND MANAGEMENT
B32: =B26+1 -> 15 | C32: Will you provide a single dedicated account manager for all services? If no, provide information for each account manager in question 24 below. | E32: =LEN(D32) -> 0
B33: =B32+1 -> 16 | C33: ="Identify the Account Manager that will be assigned to " &INPUT!$C$3 &". Include name, address, phone, title and role, as well as line of business if necessary." -> Identify the Account Manager that will be assigned to Albemarle County. Include name, address, phone, title and role, as well as line of business if necessary. | E33: =LEN(D33) -> 0
B34: a | C34: Name: | E34: =LEN(D34) -> 0
B35: b | C35: Title: | E35: =LEN(D35) -> 0
B36: c | C36: City Location: | E36: =LEN(D36) -> 0
B37: d | C37: Phone: | E37: =LEN(D37) -> 0
B38: e | C38: Email: | E38: =LEN(D38) -> 0
B39: f | C39: Primary Role: | E39: =LEN(D39) -> 0
B40: g | C40: Manager’s Name: | E40: =LEN(D40) -> 0
B41: h | C41: Manager’s Title: | E41: =LEN(D41) -> 0
B42: =B33+1 -> 17 | C42: ="What has been the incidence of account management turnover for the unit/department which will service "& INPUT!$C$3 &" over the last two years?" -> What has been the incidence of account management turnover for the unit/department which will service Albemarle County over the last two years? | E42: =LEN(D42) -> 0
B43: =B42+1 -> 18 | C43: How many accounts is the proposed Account Manager responsible for? | E43: =LEN(D43) -> 0
B44: =B43+1 -> 19 | C44: How many covered lives does the Account Manager support? | E44: =LEN(D44) -> 0
B45: =B44+1 -> 20 | C45: How do you provide client support regarding changes in federal and state legislative events that require communication to their benefit plan participants? | E45: =LEN(D45) -> 0
B46: =B45+1 -> 21 | C46: ="Will you provide training to " & INPUT!$C$3 &" during implementation on your systems and reporting tools?" -> Will you provide training to Albemarle County during implementation on your systems and reporting tools? | E46: =LEN(D46) -> 0
B47: =B46+1 -> 22 | C47: ="What Account Representative response times will you guarantee for " &INPUT!$C$3 &"? Confirm you have included this in your Performance Guarantees." -> What Account Representative response times will you guarantee for Albemarle County? Confirm you have included this in your Performance Guarantees. | E47: =LEN(D47) -> 0
B48: =+B47+1 -> 23 | C48: ="Will you agree to quarterly meetings with " &INPUT!$C$3 &" to discuss plan performance, financial results, care management, areas for improved savings, etc.?" -> Will you agree to quarterly meetings with Albemarle County to discuss plan performance, financial results, care management, areas for improved savings, etc.? | E48: =LEN(D48) -> 0
B49: =+B48+1 -> 24 | C49: ="Describe your problem resolution procedures. Who is responsible for handling escalated issues? What is the frequency of communication to " &INPUT!$C$3 &" during escalation? (Please note: Problem resolution is related to systematic member issues or account administration issues.)" -> Describe your problem resolution procedures. Who is responsible for handling escalated issues? What is the frequency of communication to Albemarle County during escalation? (Please note: Problem resolution is related to systematic member issues or account administration issues.) | E49: =LEN(D49) -> 0
B50: =+B49+1 -> 25 | C50: What is the percentage of issues you resolve within 24 hours or less? | E50: =LEN(D50) -> 0
B51: =+B50+1 -> 26 | C51: Do you distribute client satisfaction surveys? If so, how often and what do you do with the results? Please provide a copy of the most recent client satisfaction survey and corporate results. | E51: =LEN(D51) -> 0
B52: ~ | C52: ELIGIBILITY/DATA
B53: =B51+1 -> 27 | C53: Can you accept full-file eligibility transfers or do you require “changes-only” files for eligibility maintenance? | E53: =LEN(D53) -> 0
B54: =+B53+1 -> 28 | C54: ="Identify the average number of business days required to update your eligibility system following receipt of “clean” data file from " &INPUT!$C$3 &". How quickly is eligibility information available in the system once you receive it?" -> Identify the average number of business days required to update your eligibility system following receipt of “clean” data file from Albemarle County. How quickly is eligibility information available in the system once you receive it? | E54: =LEN(D54) -> 0
B55: =+B54+1 -> 29 | C55: What cycle do you recommend for eligibility file exchanges following initial upload (weekly or other)? | E55: =LEN(D55) -> 0
B56: =B55+1 -> 30 | C56: ="Indicate whether billing statements and accompanying paid claims detail are available online to "&INPUT!$C$3&" benefits personnel." -> Indicate whether billing statements and accompanying paid claims detail are available online to Albemarle County benefits personnel. | E56: =LEN(D56) -> 0
B57: =B56+1 -> 31 | C57: Confirm that paid stoploss claim reports are reconciled to billing invoices? | E57: =LEN(D57) -> 0
B58: =B57+1 -> 32 | C58: In lieu of using employee’s Social Security Number, can the client use an employee ID number, or an assigned number issued by the vendor for eligibility transmission? | E58: =LEN(D58) -> 0
B59: =B58+1 -> 33 | C59: ="Confirm you are capable of interfacing with "&INPUT!$C$3& " current online enrollment/eligibility vendor" -> Confirm you are capable of interfacing with Albemarle County current online enrollment/eligibility vendor | E59: =LEN(D59) -> 0
B60: =+B59+1 -> 34 | C60: ="Are you willing to offer a performance guarantee structured around successful partnering/interface with the "&INPUT!$C$3 &" other program vendors? (Specific measure/guarantee to be determined during finalist interviews)" -> Are you willing to offer a performance guarantee structured around successful partnering/interface with the Albemarle County other program vendors? (Specific measure/guarantee to be determined during finalist interviews) | E60: =LEN(D60) -> 0
B61: =+B60+1 -> 35 | C61: ="Confirm that you can administer "&INPUT!$C$3 &" eligibility requirements." -> Confirm that you can administer Albemarle County eligibility requirements. | E61: =LEN(D61) -> 0
B62: =B61+1 -> 36 | C62: If your standard contract prohibits the usage of “proprietary information” and/or “confidential information” (or any similar classification of information), please provide an exhaustive definition of such terms that are subject to such restrictions. | E62: =LEN(D62) -> 0
B63: =+B62+1 -> 37 | C63: ="Confirm that you are in agreement with " &INPUT!$C$3 &" requirement that information received, processed, maintained or created by your organization on behalf of " &INPUT!$C$3 &" be disclosed to and/or used by Bolton and any of its duly contracted business associates for the purpose of Bolton performing its services for " &INPUT!$C$3 &"." -> Confirm that you are in agreement with Albemarle County requirement that information received, processed, maintained or created by your organization on behalf of Albemarle County be disclosed to and/or used by Bolton and any of its duly contracted business associates for the purpose of Bolton performing its services for Albemarle County. | E63: =LEN(D63) -> 0
B64: =+B62+1 -> 37 | C64: Confirm that you will not charge fees for the provision of monthly raw claims and eligibility files to Bolton and/or its duly authorized subcontractors. | E64: =LEN(D64) -> 0
B65: =+B64+1 -> 38 | C65: ="Confirm your willingness to partner with and/or exchange data with "&INPUT!$C$3&" other healthcare vendors, 3rd party Health Centers and 3rd party analytics platforms as necessary to maintain continuity among the plans offered by "&INPUT!$C$3&"." -> Confirm your willingness to partner with and/or exchange data with Albemarle County other healthcare vendors, 3rd party Health Centers and 3rd party analytics platforms as necessary to maintain continuity among the plans offered by Albemarle County. | E65: =LEN(D65) -> 0
B66: =+B65+1 -> 39 | C66: ="Confirm you are capable of interfacing with "&INPUT!$C$3&" medical and pharmacy Carrier(s) (TBD) for stoploss reimbursements and general data collection/reporting." -> Confirm you are capable of interfacing with Albemarle County medical and pharmacy Carrier(s) (TBD) for stoploss reimbursements and general data collection/reporting. | E66: 0
B67: =B66+1 -> 40 | C67: Are you willing to offer a performance guarantee structured around successful partnering/interface with Albemarle's other program vendors? (Specific measure/guarantee to be determined during finalist interviews) | E67: 0
B68: =+B67+1 -> 41 | C68: Confirm your willingness to integrate 3rd party vendors (e.g. Accarent Health, Carrum Health) that provide bundled pricing for select complex medical and surgical procedures. | E68: =LEN(D68) -> 0
B69: =+B68+1 -> 42 | C69: ="In the event "&INPUT!$C$3&" uses a data aggregator subcontractor for data analytics as part of Bolton’s consulting contract with "&INPUT!$C$3&", confirm that you will provide subcontractor with all requested, unrestricted, raw eligibility and claims data (subject to confirmation that appropriate Business Associate Agreements are in place between data analytics subcontractor and Bolton or "&INPUT!$C$3&") on no less frequently than a monthly basis as part of the "&INPUT!$C$3&" data analytics and population health management initiative." -> In the event Albemarle County uses a data aggregator subcontractor for data analytics as part of Bolton’s consulting contract with Albemarle County, confirm that you will provide subcontractor with all requested, unrestricted, raw eligibility and claims data (subject to confirmation that appropriate Business Associate Agreements are in place between data analytics subcontractor and Bolton or Albemarle County) on no less frequently than a monthly basis as part of the Albemarle County data analytics and population health management initiative. | E69: 0
B70: =+B69+1 -> 43 | C70: ="Confirm "&INPUT!$C$3&" retains ownership of all health plan data including but not limited to information relating to medical claims, prescription drug claims and eligibility and enrollment information." -> Confirm Albemarle County retains ownership of all health plan data including but not limited to information relating to medical claims, prescription drug claims and eligibility and enrollment information. | E70: 0
B71: =+B70+1 -> 44 | C71: ="Confirm that your Business Associate Agreement, Non-disclosure Agreement and/or Data Use Agreement (or any similar confidentiality agreement covering data needed by Bolton or its subcontractors to perform Bolton's services for "&INPUT!$C$3&") will extend to Bolton and its subcontractors which are duly authorized under HIPAA (or an applicable business associate agreement) to use "&INPUT!$C$3&_xlfn._LONGTEXT(" health plan data including Protected Health Information (PHI). No such agreement will be understood or interpreted as preventing or restricting the disclosure of PHI or other health plan data to Bolton or its duly authorized business associate subcontrac","tors operating within the scope of any applicable business associate agreement or service agreement with ")&INPUT!$C$3&" beyond the requirements of HIPAA." -> Confirm that your Business Associate Agreement, Non-disclosure Agreement and/or Data Use Agreement (or any similar confidentiality agreement covering data needed by Bolton or its subcontractors to perform Bolton's services for Albemarle County) will extend to Bolton and its subcontractors which are duly authorized under HIPAA (or an applicable business associate agreement) to use Albemarle County health plan data including Protected Health Information (PHI). No such agreement will be understood or interpreted as preventing or restricting the disclosure of PHI or other health plan data to Bolton or its duly authorized business associate subcontractors operating within the scope of any applicable business associate agreement or service agreement with Albemarle County beyond the requirements of HIPAA. | E71: 0
B72: =+B71+1 -> 45 | C72: Provide samples of system reports used to reconcile client files with your files and describe your process for resolving eligibility mismatches. | E72: =LEN(D72) -> 0
B73: =+B72+1 -> 46 | C73: Confirm eligibility reporting requirements shouldered by the County in the event of a claim for reimbursement. How does your firm process proof of eligibility and to what extent is the County responsible versus coordination with the applicable medical and drug carriers | E73: =LEN(D73) -> 0
B74: ~ | C74: REPORTING
B75: =+B73+1 -> 47 | C75: ="Are all standard reports available on-line to "&INPUT!$C$3&" HR staff and to Bolton?" -> Are all standard reports available on-line to Albemarle County HR staff and to Bolton? | E75: =LEN(D75) -> 0
B76: =B75+1 -> 48 | C76: Please indicate the frequency of standard reporting, when it will regularly be available and the format in which it is provided. | E76: =LEN(D76) -> 0
B77: =B76+1 -> 49 | C77: ="Please confirm your standard reporting package will allow "&INPUT!$C$3&" to do the following:" -> Please confirm your standard reporting package will allow Albemarle County to do the following:
B78: a | C78: ="Separate reports by the group and sub-groups set up (actives, retirees, COBRA, etc. under each "&INPUT!$C$3&" group)" -> Separate reports by the group and sub-groups set up (actives, retirees, COBRA, etc. under each Albemarle County group) | E78: =LEN(D78) -> 0
B79: b | C79: Set custom ranges for current year or historical years (e.g., month, year, 6 mos. period) | E79: =LEN(D79) -> 0
B80: c | C80: Separate reports at the benefit plan option level (e.g., by plan and In-Network/Out-of-Network) | E80: =LEN(D80) -> 0
B81: d | C81: Offeror is required to send a breakdown of all stoploss claims by account, branch, and benefit option in a downloadable excel format within 2 business days of the end of the month. Confirm you can meet this requirement. | E81: =LEN(D81) -> 0
B82: e | C82: All stoploss claims and invoices must be in a downloadable excel format. | E82: =LEN(D82) -> 0
B83: =1+B77 -> 50 | C83: ="Do you provide self-service access for any adhoc reporting available to " &CLIENT_NAME&" and Bolton." -> Do you provide self-service access for any adhoc reporting available to Albemarle County and Bolton. | E83: =LEN(D83) -> 0
B84: ATTACHMENTS - Please provide the following as attachments to this technical RFP Response | D84: Provided?
B85: A | C85: ="Please describe the implementation process for a "&TEXT(INPUT!$C$8,"mmmm dd, yyyy")&" effective date. Please outline key dates and which parties are responsible for each step in the implementation process." -> Please describe the implementation process for a January 01, 2028 effective date. Please outline key dates and which parties are responsible for each step in the implementation process.
B86: B | C86: ="Detail your general and professional liability coverage currently in place to protect "&CLIENT_NAME&" from losses or negligence." -> Detail your general and professional liability coverage currently in place to protect Albemarle County from losses or negligence.

Sheet TF 2.0 Stoploss Questionnaire
B1: ='TF- 1.0 General Questionnaire'!$B$1 -> Albemarle County Stoploss RFP
B2: TECHNICAL PROPOSAL FORM TF- 2
B3: Bidder Name | C3: ='Instructions and Bid Forms'!$B$16 -> 0
C6: STOP LOSS COVERAGE QUESTIONNAIRE
B7: ~ | C7: GENERAL | E7: Length
B8: 1 | C8: ="Briefly describe the unique programs, systems, or support that you will make available to "&CLIENT_NAME&". Cite specific examples of how these have brought value to an organization of similar size and structure to "&CLIENT_NAME&"." -> Briefly describe the unique programs, systems, or support that you will make available to Albemarle County. Cite specific examples of how these have brought value to an organization of similar size and structure to Albemarle County.
B9: =+B8+1 -> 2 | C9: Are you licensed to administer stoploss coverage in all 50 states and District of Columbia? | E9: =LEN(D9) -> 0
B10: =+B9+1 -> 3 | C10: Are your stoploss plan operations compliant with the Department of Labor Claim Appeals processes? | E10: =LEN(D10) -> 0
B11: =+B10+1 -> 4 | C11: Do you outsource any of your services to a subcontractor? If so, what services? | E11: =LEN(D11) -> 0
B12: =+B11+1 -> 5 | C12: Do you have a disaster recovery plan in place? Please provide a copy of your disaster recovery plan. | E12: =LEN(D12) -> 0
B13: =+B12+1 -> 6 | C13: ="Quotes are to be on a firm basis for a "& TEXT(INPUT!$C$8, "mmmm dd, yyyy") &" effective date and guaranteed for 12 months. Quotes are not to expire prior to "& TEXT(EOMONTH(INPUT!$C$8,11),"mmmm dd, yyyy") &"." -> Quotes are to be on a firm basis for a January 01, 2028 effective date and guaranteed for 12 months. Quotes are not to expire prior to December 31, 2028. | E13: =LEN(D13) -> 0
B14: =+B13+1 -> 7 | C14: ="Confirm there are no actively-at-work requirements any employee or dependent due to the change of carriers and that no covered member will lose coverage due to a change in carriers on the effective date "& TEXT(INPUT!$C$8, "mmmm dd, yyyy")&"." -> Confirm there are no actively-at-work requirements any employee or dependent due to the change of carriers and that no covered member will lose coverage due to a change in carriers on the effective date January 01, 2028. | E14: =LEN(D14) -> 0
B15: =+B14+1 -> 8 | C15: The actively-at-work requirement and dependent non-confinement rules must be waived for all eligible members as of the effective date of coverage. | E15: =LEN(D15) -> 0
B16: =B15+1 -> 9 | C16: What are your retroactivity rules for additions, cancellations and terminations? | E16: =LEN(D16) -> 0
B17: =B16+1 -> 10 | C17: Notice of the change in excess risk premium must be provided by 120 days before renewal date of each year. The new premium will not be effective until the following policy anniversary. Coverage must be binding no later than 90 days before the renewal date. | E17: =LEN(D17) -> 0
B18: =+B17+1 -> 11 | C18: Written notice must be provided at least 60 days before you terminate the contract. | E18: =LEN(D18) -> 0
B19: =+B18+1 -> 12 | C19: =CLIENT_NAME&" retains the right to terminate the contract at any time with 30 days written notice." -> Albemarle County retains the right to terminate the contract at any time with 30 days written notice. | E19: =LEN(D19) -> 0
B20: =B19+1 -> 13 | C20: Pre-existing condition limitations are waived. No new lasers will apply to contract renewals. | E20: =LEN(D20) -> 0
B21: =+B18+1 -> 12 | C21: You will accept the claim administrator’s interpretation as to what is an eligible expense under the medical plan. | E21: =LEN(D21) -> 0
C22: Please provide your definition of an incurred claim.
C23: Please provide your definition of a paid claim.
C24: Define clearly the terms and conditions of your contract as they apply to contract termination.
B25: =+B20+1 -> 14 | C25: Describe how you will treat ongoing claims as of the inception date of a contract. | E25: =LEN(D25) -> 0
B26: ~ | C26: MEDICAL COVERAGE | D26: Response | E26: Length
B27: =B25+1 -> 15 | C27: Specific stop loss coverage applies to all medical and drug expenses, including all mental health and substance abuse claims, covered under the self-insured plan(s). All benefits paid under the benefit plan must accumulate to specific stop loss limits without any limitations or exclusions. The specific stop loss lifetime maximum must be consistent with the underlying medical plan(s). | E27: =LEN(D27) -> 0
B28: ~ | C28: CLAIMS ADMINISTRATION
B29: =1+B27 -> 16 | C29: Please indicate your willingness to work with medical and drug carriers (TBD) to provide stop loss coverage. | E29: =LEN(D29) -> 0
B30: =B29+1 -> 17 | C30: Are all benefit offerings described in the benefit summaries/SPDs eligible for reimbursement (e.g., Rx, MH/SA)? | E30: =LEN(D30) -> 0
B31: =B30+1 -> 18 | C31: Are you willing to accept a large claims data feed on a quarterly basis? | E31: =LEN(D31) -> 0
B32: =B31+1 -> 19 | C32: How often does eligibility data need to be provided? | E32: =LEN(D32) -> 0
B33: =B32+1 -> 20 | C33: What claims and eligibility data is needed and what timing requirements do you place on the disclosure of this information (e.g., 50% notification)? Please be specific in your response. | E33: =LEN(D33) -> 0
B34: =B33+1 -> 21 | C34: Provide a brief description or list of data needed to process a specific claim reimbursement. | E34: =LEN(D34) -> 0
B35: =B34+1 -> 22 | C35: For claims exceeding the specific stop loss level, please address the following:
B36: a | C36: Describe overall procedure from start to finish | E36: =LEN(D36) -> 0
B37: b | C37: ="Timing parameters for all parties involved, including "& CLIENT_NAME&"." -> Timing parameters for all parties involved, including Albemarle County. | E37: =LEN(D37) -> 0
B38: c | C38: Interacting with the claims administrator(s) | E38: =LEN(D38) -> 0
B39: d | C39: Interacting with utilization review firm, if applicable | E39: =LEN(D39) -> 0
B40: e | C40: Interacting with large case management service, if applicable | E40: =LEN(D40) -> 0
B41: f | C41: Auditing stop loss claims | E41: =LEN(D41) -> 0
B42: =B35+1 -> 23 | C42: How do you coordinate with CMS for members who are, or will become eligible, for Medicare due to SSDI, ESRD, etc.? | E42: =LEN(D42) -> 0
B43: ~ | C43: CONTRACTUAL ISSUES
B44: =B42+1 -> 24 | C44: List your standard contract’s set of general exclusions and limitations. | E44: =LEN(D44) -> 0
B45: =+B44+1 -> 25 | C45: Describe your definition of experimental and investigational procedures. | E45: =LEN(D45) -> 0
B46: =+B45+1 -> 26 | C46: What is the maximum time allowed for submission of valid claims? | E46: =LEN(D46) -> 0
B47: ~ | C47: SPECIFIC STOP LOSS CONTRACT
B48: =B46+1 -> 27 | C48: For claims exceeding the specific stop loss level, please address the following: | E48: =LEN(D48) -> 0
B49: a | C49: Describe overall procedure from start to finish | E49: =LEN(D49) -> 0
B50: b | C50: ="Timing parameters for all parties involved, including "&CLIENT_NAME&"." -> Timing parameters for all parties involved, including Albemarle County. | E50: =LEN(D50) -> 0
B51: c | C51: Interacting with the claims administrator(s) | E51: =LEN(D51) -> 0
B52: d | C52: Interacting with utilization review firm, if applicable | E52: =LEN(D52) -> 0
B53: e | C53: Interacting with large case management service, if applicable | E53: =LEN(D53) -> 0
B54: f | C54: Auditing stop loss claims | E54: =LEN(D54) -> 0
B55: =B48+1 -> 28 | C55: Does the specific stop loss coverage “blanket” the coverage of the base contract(s)? If no, please explain. | E55: =LEN(D55) -> 0
B56: =+B55+1 -> 29 | C56: ="What data analytics tools will be operational for "&CLIENT_NAME&"? Provide sample outputs (e.g., reports, dashboards, etc.)" -> What data analytics tools will be operational for Albemarle County? Provide sample outputs (e.g., reports, dashboards, etc.) | E56: =LEN(D56) -> 0
B57: =+B56+1 -> 30 | C57: ="What level of access will "&CLIENT_NAME&" and/or Bolton have into your analytics system?" -> What level of access will Albemarle County and/or Bolton have into your analytics system? | E57: =LEN(D57) -> 0
B58: ATTACHMENTS - Please provide the following as attachments to this technical RFP Response | D58: Provided?
B59: A | C59: ="Assuming a contract award date of "&TEXT(INPUT!$F$1, "mmmm dd,yyyy")&", provide a detailed schedule and time frame to implement this program by the effective date. Please indicate the implementation responsibilities of your organization and "&CLIENT_NAME&"." -> Assuming a contract award date of January 01,2028, provide a detailed schedule and time frame to implement this program by the effective date. Please indicate the implementation responsibilities of your organization and Albemarle County.
B60: B | C60: ="Please provide an organizational chart identifying the role of the account team that will be responsible for providing the administrative services to "&CLIENT_NAME&"." -> Please provide an organizational chart identifying the role of the account team that will be responsible for providing the administrative services to Albemarle County.

Sheet TF 3.0 REF
A1: ='Instructions and Bid Forms'!_Toc269902180 -> Albemarle County Stoploss RFP
A2: TECHNICAL PROPOSAL FORM TF-1
A3: Bidder Name | B3: ='Instructions and Bid Forms'!$B$16 -> 0
A6: References
A7: Provide three (3) current and one (1) former clients of similar size for whom you provide administration for the benefit plans you are quoting. Provide requested references of similar sized contracts serviced during the past eighteen (18) months.
B9: Bidder Name | C9: ='[141]Instructions & Info'!$C$60 -> 0
A10: Current Client References
A11: 1 | B11: Client Name
A12: a | B12: City / State
A13: b | B13: Contact Name(s)
A14: c | B14: Title
A15: d | B15: Number of Years Since Implementation
A16: e | B16: Number of Covered Lives
A17: f | B17: Contact Email Address
A18: g | B18: Contact Phone Number
A19: h | B19: List Services Provided (applicable to RFP)
A21: =1+A11 -> 2 | B21: Client Name
A22: a | B22: City / State
A23: b | B23: Contact Name(s)
A24: c | B24: Title
A25: d | B25: Number of Years Since Implementation
A26: e | B26: Number of Covered Lives
A27: f | B27: Contact Email Address
A28: g | B28: Contact Phone Number
A29: h | B29: List Services Provided (applicable to RFP)
A31: =1+A21 -> 3 | B31: Client Name
A32: a | B32: City / State
A33: b | B33: Contact Name(s)
A34: c | B34: Title
A35: d | B35: Number of Years Since Implementation
A36: e | B36: Number of Covered Lives
A37: f | B37: Contact Email Address
A38: g | B38: Contact Phone Number
A39: h | B39: List Services Provided (applicable to RFP)
A41: Former Client References
A42: 1 | B42: Client Name
A43: a | B43: City / State
A44: b | B44: Contact Name(s)
A45: c | B45: Title
A46: d | B46: Number of Years Since Termination
A47: e | B47: Number of Covered Lives
A48: f | B48: Contact Email Address
A49: g | B49: Contact Phone Number
A50: h | B50: List Services Provided (applicable to RFP)
A51: i | B51: Reason for Termination

Sheet FF 1.0 - Price Form 
A1: ='Instructions and Bid Forms'!_Toc269902180 -> Albemarle County Stoploss RFP
A2: ="Effective date " & TEXT(INPUT!$C$8,"mmmm dd, yyyy") -> Effective date January 01, 2028
A3: Price Proposal Price Form 1 | D3: ='Instructions and Bid Forms'!$B$16 -> 0
C7: ALL PLANS
A8: STOP LOSS (MEDICAL AND RX)
A9: Enrolled Subscribers | C9: #
A10: Requested Stop Loss Contract Period Basis | C10: PAID
A11: Confirm Stop Loss Contract Period
A12: OPTION 1
A13: Specific Stop Loss Deductible | C13: 450000
A14: Proposed Rate (PSPM)
A15: Aggregating Specific Stop Loss Deductible | C15: 0
A16: Proposed Rate (PSPM)
A17: OPTION 2
A18: Specific Stop Loss Deductible | C18: =C13+25000 -> 475000
A19: Proposed Rate (PSPM)
A20: Aggregating Specific Stop Loss Deductible | C20: 0
A21: Proposed Rate (PSPM)
A22: OPTION 3
A23: Specific Stop Loss Deductible | C23: =C18+25000 -> 500000
A24: Proposed Rate (PSPM)
A25: Aggregating Specific Stop Loss Deductible | C25: 0
A26: Proposed Rate (PSPM)
A28: Confirm there are no lasers being proposed
A29: Provide a renewal rate cap if offered
A30: Confirm FIRM stop loss renewal will be provided 180 days prior to plan effective/renewal date
